 Dungeon Sprint DCSS version 0.30-a0-424-g7412bad402 (webtiles) character file.

Game seed: 13584007445643509264

2232 rocky1 the Merfolkian Blade (level 9, -3/117 HPs)
             Began as a Merfolk Gladiator on Dec 9, 2022.
             Was an Initiate of Gozag.
             Succumbed to a nagaraja's poison arrow
             ... in the Dungeon (Sprint VII: "The Pits").
             The game lasted 00:05:03 (1235 turns).

rocky1 the Merfolkian Blade (Merfolk Gladiator)     Turns: 1235, Time: 00:05:03

Health: -3/117     AC: 16    Str: 14    XL:     9   Next: 36%
Magic:  9/9        EV:  9    Int:  8    God:    Gozag
Gold:   252        SH:  0    Dex: 21    Spells: 8/8 levels left

rFire   . . .      SeeInvis .    b - +3 great sword
rCold   . . .      Faith    .    (shield currently unavailable)
rNeg    . . .      Spirit   .    r - +5 scale mail "Weusk" {Dex+2}
rPois   .          Reflect  .    c - +0 helmet
rElec   .          Harm     .    o - +2 cloak {rCorr}
rCorr   +          Rampage  .    v - +0 pair of gloves
Will    .....      NoTele   +    (no boots)
Stlth   ..........               (no amulet)
HPRegen 0.39/turn                (no ring)
MPRegen 0.11/turn                (no ring)

@: berserking, lethally poisoned (-3 -> -42), gold aura, constricted, very quick
A: (nimble swimmer 2), mertail
a: Renounce Religion, Potion Petition, Call Merchant, Bribe Branch


You were in the Dungeon.
You worshipped Gozag.
Gozag was aware of your devotion.
You visited 1 branch You collected 1953 gold pieces.
You spent 863 gold pieces at shops.
You paid 838 gold pieces to Gozag.

Inventory:

Hand Weapons
 a - a +5 scimitar
 b - a +3 great sword (weapon)
 q - a +1 long sword of flaming
 w - a +2 scimitar of holy wrath
Missiles
 d - 3 throwing nets (quivered)
 e - a javelin
Armour
 c - a +0 helmet (worn)
 o - a +2 cloak of preservation (worn)
 p - a +3 scale mail
 r - the +5 scale mail "Weusk" (worn) {Dex+2}
   (You bought it in a shop in the Dungeon)

   Dex:       It affects your dexterity (+2).
 v - a +0 pair of gloves (worn)
Jewellery
 s - a +3 ring of dexterity
 t - a +3 ring of intelligence
Scrolls
 k - a scroll of blinking
 m - 5 scrolls of amnesia
 n - a scroll of summoning
Potions
 f - 9 potions of curing
 g - a potion of heal wounds
 h - 2 potions of haste
 i - 4 potions of magic
 j - 4 potions of berserk rage
 l - 2 potions of invisibility
 u - 5 potions of brilliance


   Skills:
 - Level 9.7 Fighting
 + Level 21.6 Long Blades
 - Level 2.2 Throwing
 - Level 0.1 Armour
 - Level 4.9 Dodging


You had 8 spell levels left.
You didn't know any spells.
Your spell library was empty.

Dungeon Overview and Level Annotations

Branches:
Dungeon (1/1)

Altars:
Ashenzari
Cheibriados
Dithmenos
Elyvilon
Fedhas
Gozag
Hepliaklqana
Kikubaaqudgha
Makhleb
Nemelex Xobeh
Okawaru
Qazlal
Ru
Sif Muna
Trog
Uskayaw
Vehumet
Wu Jian
Xom
Yredelemnul
Zin
The Shining One
Jiyva
Lugonu

Shops:
D [


Innate Abilities, Weirdness & Mutations

((You are very nimble when in or above water. (Stealth+, EV+, Speed+++)))
Your lower body shifts to a powerful aquatic tail in water.


Message History

The orc wizard shouts!
You hear a shout!
The nagaraja hits you but does no damage.
Unknown command.
You feel a strong urge to attack something.
You feel sick.
You closely miss the nagaraja.
You feel sick.
The nagaraja gestures at you while chanting.
The poison arrow hits you!!
You are more poisoned.
You slice the nagaraja!!
The nagaraja is moderately wounded.
You feel very sick.
The nagaraja gestures at you while chanting.
The poison arrow hits you!!!
You are more poisoned.
Ouch! That really hurt!
* * * LOW HITPOINT WARNING * * *
The orc warrior is distracted by your dazzling golden aura.
The orc wizard is distracted by your dazzling golden aura.
The orc warrior shouts!
The orc wizard shouts!
You slash the nagaraja!
The nagaraja is moderately wounded.
* * * LOW HITPOINT WARNING * * *
You feel very sick.
The orc wizard is no longer distracted by gold.
The nagaraja hits you but does no damage.
The nagaraja grabs you. The nagaraja constricts you.
You barely miss the nagaraja.
The nagaraja is moderately wounded.
* * * LOW HITPOINT WARNING * * *
You feel very sick. The orc knight barely misses you.
The nagaraja hits you but does no damage.
The nagaraja constricts you.
* * * LOW HITPOINT WARNING * * *
Unknown command.
You slash the orc knight!
The orc knight is lightly wounded.
You die...
Your body crumbles into a pile of gold.

..# o.# +########## .N#
......##..# ..#
......##..# ..#
......''..# ..#
......''..##########..#
......##........@No...#
......##........o.o...#
+######################


You could see a nagaraja (fast), an orc knight, an orc warrior (strong) and an
orc wizard (strong).

Vanquished Creatures
  Joseph (D)
  A merfolk siren (D)
  A smoke demon (D)
  Grinder (D)
  A jumping spider (D)
  A shadow (D)
  A redback (D)
  A warg (D)
  A sky beast (D)
  A wolf (D)
  A bullfrog (D)
  3 wights (D)
  A crimson imp (D)
  Jessica (D)
  2 mummies (D)
  A gnoll (D)
  3 ufetubi (D)
  An adder skeleton (D)
  3 orcs (D)
  A bat skeleton (D)
  A bat zombie (D)
  A giant cockroach (D)
  4 jackals (D)
  A rat (D)
34 creatures vanquished.

Notes
Turn   | Place    | Note
-------+----------+-------------------------------------------
     0 | D        | rocky1 the Merfolk Gladiator began the quest for the Orb.
     0 | D        | Reached XP level 1. HP: 16/16 MP: 1/1
    11 | D        | Reached skill level 4 in Long Blades
    17 | D        | Found a bloodstained altar of Trog.
    17 | D        | Found a shimmering blue altar of Sif Muna.
    17 | D        | Found a viscous altar of Jiyva.
    17 | D        | Found a hazy altar of Hepliaklqana.
    17 | D        | Found an opulent altar of Gozag.
    18 | D        | Found a glowing golden altar of the Shining One.
    18 | D        | Found a glowing silver altar of Zin.
    18 | D        | Found a basalt altar of Yredelemnul.
    18 | D        | Found a shimmering altar of Xom.
    18 | D        | Found an ornate altar of the Wu Jian Council.
    18 | D        | Found a sacrificial altar of Ru.
    18 | D        | Found a stormy altar of Qazlal.
    18 | D        | Found an iron altar of Okawaru.
    18 | D        | Found a sparkling altar of Nemelex Xobeh.
    18 | D        | Found a burning altar of Makhleb.
    18 | D        | Found a blossoming altar of Fedhas.
    18 | D        | Found a white marble altar of Elyvilon.
    18 | D        | Found a shadowy altar of Dithmenos.
    18 | D        | Found a snail-covered altar of Cheibriados.
    20 | D        | Found a radiant altar of Vehumet.
    20 | D        | Found a corrupted altar of Lugonu.
    21 | D        | Found a hide-covered altar of Uskayaw.
    21 | D        | Found an ancient bone altar of Kikubaaqudgha.
    21 | D        | Found a broken altar of Ashenzari.
    29 | D        | Became a worshipper of Gozag Ym Sagoz the Greedy
    65 | D        | Reached skill level 5 in Long Blades
    65 | D        | Reached XP level 2. HP: 21/23 MP: 2/2
    89 | D        | Reached skill level 6 in Long Blades
    92 | D        | Reached skill level 7 in Long Blades
    92 | D        | Reached XP level 3. HP: 20/28 MP: 3/3
   135 | D        | Reached skill level 8 in Long Blades
   216 | D        | Noticed a sky beast
   216 | D        | Noticed a warg
   217 | D        | Noticed a bullfrog
   217 | D        | Noticed a wight
   217 | D        | Noticed a wight
   223 | D        | Killed a bullfrog
   224 | D        | Reached skill level 11 in Long Blades
   224 | D        | Reached XP level 4. HP: 30/34 MP: 4/4
   234 | D        | Killed a sky beast
   235 | D        | Reached skill level 5 in Fighting
   235 | D        | Reached skill level 12 in Long Blades
   235 | D        | Reached XP level 5. HP: 22/46 MP: 5/5
   244 | D        | Reached skill level 13 in Long Blades
   244 | D        | Reached XP level 6. HP: 28/53 MP: 6/6
   258 | D        | Killed a warg
   259 | D        | Reached skill level 14 in Long Blades
   269 | D        | Reached XP level 7. HP: 30/64 MP: 7/7
   402 | D        | Noticed Jessica
   403 | D        | Killed Jessica
   404 | D        | Reached skill level 15 in Long Blades
   407 | D        | Noticed a smoke demon
   419 | D        | HP: 1/65 [smoke demon/divine providence (16)]
   424 | D        | Killed a smoke demon
   425 | D        | Reached skill level 17 in Long Blades
   425 | D        | Reached XP level 8. HP: 8/72 MP: 8/8
   630 | D        | Noticed Grinder
   638 | D        | Paralysed by Grinder for 3 turns
   649 | D        | Paralysed by Grinder for 5 turns
   657 | D        | Killed Grinder
   658 | D        | Reached skill level 18 in Long Blades
   729 | D        | Bought a +2 cloak of preservation for 301 gold pieces
   729 | D        | Bought the +5 scale mail "Weusk" {Dex+2} for 562 gold
                  | pieces
   852 | D        | Noticed Joseph
   852 | D        | Noticed a merfolk siren
   866 | D        | Killed a merfolk siren
   867 | D        | Reached skill level 19 in Long Blades
   873 | D        | Killed Joseph
   874 | D        | Reached skill level 20 in Long Blades
   874 | D        | Reached XP level 9. HP: 51/78 MP: 9/9
  1170 | D        | Reached skill level 21 in Long Blades
  1218 | D        | Noticed an orc knight
  1218 | D        | Noticed a nagaraja
  1234 | D        | HP: 2/117 [constriction (4)]
  1235 | D        | Succumbed to a nagaraja's poison arrow

Illustrated notes

Levels and vault maps discovered:
D:        pitsprint [storerooms_1, entrance_room_1, metal_vault_6, armoury_1,
          mini_pit_1, grid_room_1, main_hall_1, silver_pit, the_coven_3,
          the_vestibule_1, steel_vault_2, golden_pit, hallway_of_sentries,
          crystal_vault_3, iron_vault_1, final_vault]

Skill      XL: |  1  2  3  4  5  6  7  8  9 |
---------------+----------------------------+-----
Long Blades    | 5 7 11 12 13 14 17 20 21 | 21.6
Fighting       | 5 6 9 |  9.7
Throwing       | |  2.2
Armour         | |  0.1
Dodging        | |  4.9

Action                   |  1- 3 |  4- 6 |  7- 9 || total
-------------------------+-------+-------+-------++-------
Melee: Falchion          |    27 |       |       ||    27
       Long sword        |     6 |    35 |     3 ||    44
       Scimitar          |       |       |    28 ||    28
       Great sword       |       |       |    30 ||    30
Invok: Call Merchant     |       |       |     1 ||     1
       Potion Petition   |       |       |     1 ||     1
  Use: Potion            |       |     4 |     2 ||     6
 Stab: Sleeping          |     1 |       |       ||     1
       Distracted        |       |     1 |     1 ||     2
Armor: Leather armour    |     6 |       |       ||     6
       Scale mail        |     1 |     7 |    23 ||    31
Dodge: Dodged            |    22 |     8 |    25 ||    55

Table legend: (Time is in decaauts)
 A = Elapsed time spent in this place.
 B = Non-inter-level travel time spent in this place.
 C = Inter-level travel time spent in this place.
 D = Time resting spent in this place.
 E = Time spent auto-exploring this place.
 F = Levels seen in this place.
 G = Mean time per level.
                   A        B        C        D        E       F      G
               +--------+--------+--------+--------+--------+-----+--------+
         Total |   1206 |   1142 |     64 |    688 |      0 |   1 | 1206.0 |
       Dungeon |   1206 |   1142 |     64 |    688 |      0 |   1 | 1206.0 |
               +--------+--------+--------+--------+--------+-----+--------+

Top non-repeatable levels by time:
       D: 1206 daAuts
